Map: Submarine LE

Players

Zebo - Winner!

  • Race: Zerg Zerg
  • League: Gold
  • Spawn Location: 5:00

Huangyaoshi

  • Race: Zerg Zerg
  • Spawn Location: 11:00

VOD

Have the link to the VOD?

Description

Time

  • Played on: Feb. 24, 2021, 12:13 p.m.
  • Length: 3:51
Show
View Real Time Build Order
Export as new Build Order

Zebo Zerg - Winner!

Build Orders: Pool First 

Get SALT Encoding   

  12  0:01  Drone  
  13  0:12  Overlord  
  13  0:16  Drone  
  14  0:31  Drone x2  
  16  0:36  Drone  
  17  0:47  Spawning Pool  
  17  0:50  Drone  
  17  1:10  Hatchery  
  16  1:15  Drone  
  17  1:20  Extractor  
  17  1:22  Drone  
  17  1:23  Drone  
  18  1:29  Drone  
  19  1:34  Queen  
  21  1:41  Overlord  
  21  1:56  Zergling x2  
  23  2:01  Zergling x2  
  23  2:10  Queen  
  25  2:25  Zergling x6  
  25  2:27  Metabolic Boost  
  28  2:33  Queen  
  30  2:46  Zergling x8  
  30  2:47  Zergling x2, Drone  
  36  2:56  Overlord  
  36  3:01  Overlord  
  36  3:11  Overlord  
  36  3:12  Overlord  
  36  3:37  Drone x3  
  36  3:38  Drone  
Show
View Real Time Build Order
Export as new Build Order

Huangyaoshi Zerg 

Build Orders: Hatch First 

Get SALT Encoding   

  12  0:04  Drone  
  13  0:13  Overlord  
  13  0:19  Drone  
  14  0:49  Drone  
  16  0:50  Drone  
  16  0:51  Hatchery  
  15  1:07  Spawning Pool  
  14  1:14  Extractor, Drone x2  
  15  1:34  Drone x2  
  17  1:43  Drone  
  18  1:47  Extractor  
  17  1:56  Roach Warren, Queen  
  18  2:03  Drone  
  19  2:14  Queen  
  21  2:24  Drone  
  21  2:25  Drone  
  23  2:30  Drone  
  24  2:44  Drone x2  
  26  2:50  Roach  
  28  2:52  Overlord  
  28  3:00  Overlord  
  28  3:10  Roach  
  28  3:11  Roach  
  32  3:29  Roach  
  32  3:30  Roach  
Tags
 
League
Gold
Matchup
ZvZ
Race
Zerg
Spawn Locations
Cross Positions
Add a new tag
Caveats
  • Supply blocks, unpowered buildings, or Contaminate may cause inaccurate times.
  • Supply counts are checked every 10 seconds.